 Dungeon Crawl Stone Soup version 0.29.1-13-g9f3cf754e1 (webtiles) character file.

Game seed: 4446879419463799339

79 shadowmeld the Insei (level 4, 0/33 HPs)
             Began as a Djinni Transmuter on Jan 31, 2023.
             Slain by Eustachio
             ... wielding a +0 rapier
              (3 damage)
             ... on level 4 of the Dungeon.
             The game lasted 00:15:11 (3109 turns).

shadowmeld the Insei (Djinni Transmuter)            Turns: 3109, Time: 00:15:11

Health: 0/33       AC:  2    Str:  9    XL:     4   Next: 64%
Gold:   105        EV: 12    Int: 16    God:
                   SH:  0    Dex: 14

rFire   + + .      SeeInvis .     - Unarmed
rCold   x . .      Faith    .   (no shield)
rNeg    . . .      Spirit   .   a - +0 robe
rPois   ∞          Reflect  .   (helmet currently unavailable)
rElec   .          Harm     .   (no cloak)
rCorr   .          Rampage  .   (no gloves)
Will    .....                   (boots unavailable)
Stlth   +.........              (no amulet)
HPRegen 0.11/turn               (no ring)
MPRegen 0.00/turn               (no ring)

@: appendages, flying, very slightly contaminated
A: horns 2, flying, sickness immunity, fire resistance 2, cold vulnerability 1,
float, innate caster, HP casting, extra vitality 1
a: End Transformation


You were on level 4 of the Dungeon.
You had temporarily grown beastly horns.
You visited 1 branch of the dungeon, and saw 4 of its levels.

You collected 105 gold pieces.

Inventory:

Missiles
 f - 6 curare-tipped darts
 l - 5 boomerangs of dispersal
 m - 6 poisoned darts
Armour
 a - a +0 robe (worn)
Scrolls
 c - 3 scrolls of identify {unknown}
 d - a scroll of fog {unknown}
 g - 2 scrolls of summoning {unknown}
 h - a scroll of noise {unknown}
 j - 3 scrolls of teleportation {unknown}
 k - a scroll of blinking {unknown}
 n - a scroll of amnesia {unknown}
 o - a scroll of magic mapping {unknown}
 p - a scroll of enchant weapon {unknown}
Potions
 b - a potion of lignification
 e - 2 potions of attraction {unknown}
 i - a potion of mutation {unknown}


   Skills:
 * Level 1.9 Fighting
 + Level 2.4 Dodging
 + Level 3.5 Unarmed Combat
 * Level 2.6 Spellcasting


You couldn't memorise any spells.
You knew the following spells:

 Your Spells              Type           Power      Damage    Failure   Level
a - Beastly Appendage     Tmut           20%        N/A       7%          1
b - Wereblood             Tmut           10%        N/A       10%         2
c - Spider Form           Tmut/Pois      10%        N/A       21%         3
d - Ice Form              Ice/Tmut       10%        N/A       54%         4
e - Foxfire               Conj/Fire      40%        2x1d6     7%          1
Your spell library was empty.

Dungeon Overview and Level Annotations

Branches:
Dungeon (3/15)

Altars:
Zin

Shops:
D:3 **

Annotations:
D:4 Eustachio


Innate Abilities, Weirdness & Mutations

You have temporarily grown beastly horns.
You are flying.
You are immune to sickness and miasma.
You are immune to poison.
Your flesh is very heat resistant. (rF++)
You are vulnerable to cold. (rC-)
You float through the air rather than walking.
You learn spells naturally, not from books.
Your magical power is your life essence.
You have superior vitality. (+4 MHP)


Message History

Eustachio attacks as you move away! Eustachio closely misses you.
Casting: Foxfire (safe; 7% risk of failure)
Confirm with . or Enter, or press ? or * to list all spells.
You conjure some foxfire!
Eustachio hits you with a +0 rapier.
Casting: Foxfire (safe; 7% risk of failure)
Confirm with . or Enter, or press ? or * to list all spells.
You miscast Foxfire.
You are very lightly contaminated with residual magic.
Nothing appears to happen.
The foxfire hits Eustachio.
Eustachio is moderately wounded.
The foxfire hits Eustachio.
Eustachio is moderately wounded.
Eustachio completely misses you.
Casting: Foxfire (safe; 7% risk of failure)
Confirm with . or Enter, or press ? or * to list all spells.
The spell is quite dangerous to miscast (21% risk of failure)!
Continue anyway?
Okay, then.
Casting: Spider Form (quite dangerous; 21% risk of failure)
Confirm with . or Enter, or press ? or * to list all spells.
You grow a pair of large bovine horns.
Eustachio barely misses you.
You hit Eustachio but do no damage.
Eustachio is moderately wounded.
Eustachio casts a spell.
You closely miss Eustachio.
Eustachio is moderately wounded.
Eustachio hits you with a +0 rapier. The white imp barely misses you.
You hit Eustachio.
Eustachio is moderately wounded.
The iron imp lashes its tail.
The iron imp closely misses you. The white imp misses you.
Eustachio hits you with a +0 rapier!
You barely miss Eustachio.
You headbutt Eustachio, but do no damage.
Eustachio is moderately wounded.
The iron imp closely misses you. The white imp hits you.
* * * LOW HITPOINT WARNING * * *
The white imp freezes you.
You feel a terrible chill!
* * * LOW HITPOINT WARNING * * *
Eustachio hits you with a +0 rapier.
You die...

#.# #.# #.# #.#
#.# #.# #5#
#######5########
#.....@@5.......
###.###.########
#.# #.# #.# #.#
#.# #.# #.# #.#
#.. ..# #.# ###


You could see Eustachio, an iron imp (summoned), a white imp (summoned) and a
shadow imp (summoned).

Vanquished Creatures
  An adder (D:3)
  A dart slug (D:1)
  2 orcs (D:3)
  4 ball pythons
  A bat (D:1)
  6 endoplasms
  A giant cockroach (D:3)
  5 goblins
  7 hobgoblins
  3 jackals (D:1)
  9 kobolds
  6 quokkas
  8 frilled lizards
  7 rats
61 creatures vanquished.

Vanquished Creatures (others)
  141 foxfires
141 creatures vanquished.

Grand Total: 202 creatures vanquished

Notes
Turn   | Place    | Note
-------+----------+-------------------------------------------
     0 | D:1      | shadowmeld the Djinni Transmuter began the quest for the
                  | Orb.
     0 | D:1      | shadowmeld set off with the following spells memorised:
                  | Beastly Appendage, Wereblood, Spider Form, Ice Form.
     0 | D:1      | Reached XP level 1. HP: 17/17 MP: 0/0
   141 | D:1      | Reached XP level 2. HP: 16/22 MP: 0/0
   850 | D:1      | Reached XP level 3. HP: 27/27 MP: 0/0
   850 | D:1      | Learned a level 1 spell: Foxfire
  1047 | D:1      | Found a faded altar of an unknown god.
  1814 | D:2      | Found a glowing silver altar of Zin.
  2077 | D:2      | Reached XP level 4. HP: 30/33 MP: 0/0
  2921 | D:3      | Found Colakas's Assorted Antiques.
  3036 | D:3      | Found Iprots's General Store.
  3067 | D:3      | You are sucked into a shaft and drop 1 floor!
  3094 | D:4      | Noticed Eustachio
  3109 | D:4      | Slain by Eustachio

Illustrated notes

Levels and vault maps discovered:
D:1:      minmay_arrival_stair_chambers, layout_basic,
          ebering_ecumenical_altar_petrified
D:2:      minmay_general_purpose_star, layout_basic, basic_altar,
          serial_aquarium, aquarium_bridge_island_small
          [aquarium_subvault_small_open, aquarium_subvault_window,
          aquarium_subvault_bridge, aquarium_subvault_window,
          aquarium_subvault_balcony], aquarium_window_2, aquarium_window_1,
          aquarium_window_3, aquarium_view_2e, aquarium_view_2c,
          aquarium_balcony_3a, aquarium_pool_2, amethyst_killhole
D:3:      layout_basic, serial_shops, nicolae_shop_behind_doors,
          nicolae_shop_bloodbath_and_beyond, shop, shop_statue,
          nicolae_shop_trees
D:4:      layout_basic, minmay_fractal_squares_diagonal_5, uniq_eustachio,
          uniq_natasha, uniq_ijyb

Skill      XL: |  1  2  3 |
---------------+----------+-----
Spellcasting   | 2 |  2.6
Fighting       | |  1.9
Dodging        | |  2.4
Unarmed Combat | |  3.5

Action                   |  1- 3 |  4- 6 || total
-------------------------+-------+-------++-------
Melee: Unarmed           |    61 |    18 ||    79
       Headbutt          |     8 |     2 ||    10
       Punch             |     1 |       ||     1
 Cast: Beastly Appendage |    12 |     3 ||    15
       Foxfire           |    59 |    43 ||   102
Armor: Robe              |    17 |     3 ||    20
Dodge: Dodged            |    49 |    17 ||    66
